Cogmind - Beta 9.6 @@@ ROGUE MODE // 2020.08.15 @ 17:23:33 Player: naoky Result: Destroyed by P-80 Master with Gamma Rifle Performance ------------- Evolutions (9) 4500 Regions Visited (12) 2400 Robots Destroyed (44) 220 Value Destroyed (937) 937 Prototype IDs (10) 200 Alien Tech Used (0) 0 Bonus (10) 10 TOTAL SCORE: 8267 Bonus ------- High Alert Combat Kills 10 Cogmind --------- Core Integrity 0/1600 Matter 238/300 Energy 99/100 System Corruption 10% Temperature Cool (0) Movement Core (50) Location -1/Access Parts ------- > --- POWER (2) -------- (None) > --- PROPULSION (3) --- (None) > --- UTILITY (18) ----- (None) > --- WEAPON (2) ------- (None) > --- INVENTORY (4) ---- Fission Core Light Antimatter Reactor Advanced Signal Interpreter Improved Proton Missile Launcher Peak State ------------ > --- POWER ------------ Micro Fission Core Micro Fission Core > --- PROPULSION ------- Impulse Thruster Field Propulsion Array > --- UTILITY ---------- Medium Storage Unit Advanced Weight Redist. System Advanced Visual Processing Unit Experimental Optical Array Advanced Sensor Array Advanced Signal Interpreter Improved Terrain Scan Processor Advanced ECM Suite Reaction Control System Hacking Suite Improved Hacking Suite System Shield > --- WEAPON ----------- Improved Proton Missile Launcher Stasis Projector > --- INVENTORY -------- Fission Core Light Antimatter Reactor Q-thruster Q-thruster Improved Sensor Array Advanced Signal Interpreter Chainsword [Rating: 96] Favorites ----------- Power Micro Fission Core Engine Light Deuterium Engine Power Core Micro Fission Core Reactor Light Antimatter Reactor Propulsion Improved Flight Unit Leg Aluminum Leg Hover Unit Improved Hover Unit Flight Unit Improved Flight Unit Utility Medium Storage Unit Device Improved Terrain Scanner Storage Medium Storage Unit Processor Advanced Signal Interpreter Hackware System Shield Protection Hardened Light Armor Plating Weapon Chainsword Energy Gun Particle Gun Ballistic Gun Assault Rifle Launcher Mini Grenade Launcher Special Weapon Stasis Projector Impact Weapon Hammer Slashing Weapon Chainsword Build | -11 -10 -9 -8 -7 -6 -5 -4 -4 -3 -2 -2 -1 ------- Run | Scr Mat Mat Mat Fac Fac Fac Fac Ext Res Res Tes Acc Slots Evolved 18 | . . 2 2 2 2 2 2 . 2 2 . 2 Power 1 | . . . . . 1 . . . . . . . Propulsion 1 | . . 1 . . . . . . . . . . Utility 16 | . . 1 2 2 1 2 2 . 2 2 . 2 Weapon . | . . . . . . . . . . . . . Parts Attached 126 | 6 5 25 8 10 26 7 . 16 7 1 1 14 Power 15 | 1 . 2 1 . 4 2 . 3 1 . . 1 Engine 5 | 1 . 2 . . 2 . . . . . . . Core 9 | . . . 1 . 2 2 . 3 1 . . . Reactor 1 | . . . . . . . . . . . . 1 Propulsion 37 | 2 2 8 . 3 4 1 . 7 3 . . 7 Treads . | . . . . . . . . . . . . . Leg 2 | 2 . . . . . . . . . . . . Wheel . | . . . . . . . . . . . . . Hover 8 | . 2 5 . . . . . . . . . 1 Flight 27 | . . 3 . 3 4 1 . 7 3 . . 6 Utility 46 | 1 2 7 2 7 13 4 . 5 3 1 1 . Device 30 | . 1 3 2 4 12 4 . 3 1 . . . Storage 5 | 1 1 3 . . . . . . . . . . Processor 7 | . . 1 . 3 1 . . 1 . . 1 . Hackware 3 | . . . . . . . . . 2 1 . . Protection 1 | . . . . . . . . 1 . . . . Artifact . | . . . . . . . . . . . . . Weapon 28 | 2 1 8 5 . 5 . . 1 . . . 6 Energy Gun 6 | . . 5 1 . . . . . . . . . Energy Cannon . | . . . . . . . . . . . . . Ballistic Gun 4 | 2 . 2 . . . . . . . . . . Ballistic Cannon . | . . . . . . . . . . . . . Launcher 5 | . 1 1 2 . . . . . . . . 1 Special Weapon 2 | . . . . . . . . . . . . 2 Impact Weapon 1 | . . . 1 . . . . . . . . . Slashing Weapon 10 | . . . 1 . 5 . . 1 . . . 3 Piercing Weapon . | . . . . . . . . . . . . . Special Melee Weapon . | . . . . . . . . . . . . . Unidentified Prototypes 2 | . . . . 1 . . . . . . 1 . Parts Lost 47 | . . 17 . 1 3 1 . 10 . . . 15 Power 7 | . . 2 . . 1 1 . 1 . . . 2 Propulsion 20 | . . 7 . . 1 . . 6 . . . 6 Utility 13 | . . 2 . 1 1 . . 3 . . . 6 Weapon 7 | . . 6 . . . . . . . . . 1 Highest Loss Streak 9 | . . 9 . 1 1 1 . 6 . . . 5 Average Slot Usage (%) 79 | . 93 86 82 90 86 83 73 62 65 68 69 45 Engine 4 | . 14 10 . . 4 3 . . . . . . Core 4 | . . . 9 7 4 7 10 7 7 8 8 5 Leg 1 | . 12 . . . . . . . . . . . Hover 2 | . 15 13 . . . . . . . . . . Flight 15 | . . 16 27 23 20 17 15 11 11 8 8 5 Device 17 | . 2 11 25 23 22 24 21 14 17 17 17 8 Storage 7 | . 19 14 9 7 6 5 5 5 4 4 4 2 Processor 14 | . . 1 9 21 21 17 15 15 14 13 13 10 Hackware 1 | . . . . . . . . . 4 12 13 8 Ballistic Gun 2 | . 22 3 . . . . . . . . . . Launcher 2 | . 5 8 1 6 . . . . . . . 1 Slashing Weapon 2 | . . . . . 4 5 5 4 4 4 4 2 Naked Turns 148 | . . . . . . . . . . . . 148 Heaviest Build 39 | 12 20 23 19 18 29 32 32 34 28 28 28 39 Greatest Support 43 | 20 22 24 18 19 29 32 32 35 43 43 43 43 Greatest Overweight (x) 2 | 1 2 1 1 1 . . . 1 . . . 1 Average Overweight (x) . | . . . . . . . . . . . . . Largest Inventory Capacity 12 | 6 10 12 8 8 8 8 8 8 8 8 8 8 Average Capacity 7 | 5 8 8 8 8 8 8 8 8 8 8 8 6 Most Carried 10 | 2 8 10 8 8 8 8 8 8 8 8 8 8 Average Carried 6 | 1 5 7 7 7 6 7 8 6 5 7 8 5 Final Capacity 8 | 6 8 8 8 8 8 8 8 8 8 8 8 4 Final Carried 8 | 2 7 8 8 7 7 8 8 5 8 8 8 4 Class Distribution -------------------- 38% | Scout 20% | Ninja 18% | Mutant 8% | Hacker-Ninja 4% | Sprinter 3% | Scavenger-Ninja Dominant Class ---------------- Mutant | -10/Materials Mutant | -9/Materials Scout | -8/Materials Scout | -7/Factory Scout | -6/Factory Ninja | -5/Factory Ninja | -4/Factory Scout | -4/Extension Scavenger-Ninja | -3/Research Hacker-Ninja | -2/Research Hacker-Ninja | -2/Testing Mutant | -1/Access Resources | -11 -10 -9 -8 -7 -6 -5 -4 -4 -3 -2 -2 -1 ----------- Run | Scr Mat Mat Mat Fac Fac Fac Fac Ext Res Res Tes Acc Matter Collected 1563 | 207 183 196 201 . 413 42 35 125 70 10 . 81 Remotely . | . . . . . . . . . . . . . Salvage Created 1672 | . 190 170 205 . 548 . 113 144 35 37 . 230 Parts 96 | . 15 23 4 . 25 . 4 1 3 3 . 18 Haulers Intercepted 2 | . 1 . . . 1 . . . . . . . Recyclers Shooed 1 | . 1 . . . . . . . . . . . Parts Field Recycled . | . . . . . . . . . . . . . Retrieved Matter . | . . . . . . . . . . . . . Parts Self-Destructed . | . . . . . . . . . . . . . Prevented . | . . . . . . . . . . . . . Kills | -11 -10 -9 -8 -7 -6 -5 -4 -4 -3 -2 -2 -1 ------- Run | Scr Mat Mat Mat Fac Fac Fac Fac Ext Res Res Tes Acc Combat Hostiles Destroyed 21 | . 7 8 . . 1 . . . . . . 5 Melee 1 | . . . . . 1 . . . . . . . Guns 8 | . 2 6 . . . . . . . . . . AOE 12 | . 5 2 . . . . . . . . . 5 Classes Destroyed 11 | . 3 3 1 . 4 . . . . . . . Worker 3 | . . . . . 3 . . . . . . . Builder 3 | . . . . . 2 . . . . . . 1 Tunneler 1 | . . . . . 1 . . . . . . . Hauler 2 | . 1 . . . 1 . . . . . . . Recycler 7 | . . . 3 . 2 . 1 1 . . . . Operator 1 | . . 1 . . . . . . . . . . Watcher 6 | . . 3 1 . . . . . 1 1 . . Swarmer 14 | . 3 6 . . . . . . . . . 5 Grunt 5 | . 4 1 . . . . . . . . . . Sentry 1 | . . 1 . . . . . . . . . . Programmer 1 | . . . . . 1 . . . . . . . Best Kill Streak 5 | . 3 3 2 . 2 . 1 1 1 1 . 5 Combat Bots Only 5 | . 3 3 . . 1 . . . . . . 5 Max Kills in Single Turn 3 | . 3 1 1 . 1 . 1 1 1 1 . 1 Gunslinging . | . . . . . . . . . . . . . Exploded 3 | . 3 1 . . . . . . . . . 1 Melee 1 | . . . . . 1 . . . . . . . Uniques/NPCs Destroyed . | . . . . . . . . . . . . . Combat | -11 -10 -9 -8 -7 -6 -5 -4 -4 -3 -2 -2 -1 -------- Run | Scr Mat Mat Mat Fac Fac Fac Fac Ext Res Res Tes Acc Damage Taken 5474 | . 127 1270 15 135 545 84 . 646 162 . . 2490 Core 2328 | . 35 335 15 53 143 44 . 76 21 . . 1606 Absorbed by Shields 15 | . . . . 15 . . . . . . . . Core Remaining (%) 86 | 100 86 16 97 92 83 95 . 93 98 . 100 . Volleys Fired 70 | . 16 32 4 6 . . . . . . . 12 Largest 2 | . 2 2 1 1 . . . . . . . 2 Hottest 130 | . 50 130 30 30 . . . . . . . 43 Shots Fired 106 | . 26 50 4 6 . . . . . . . 20 Gun 64 | . 22 42 . . . . . . . . . . Cannon . | . . . . . . . . . . . . . Launcher 34 | . 4 8 4 6 . . . . . . . 12 Special 8 | . . . . . . . . . . . . 8 Kinetic 36 | . 22 14 . . . . . . . . . . Thermal 28 | . . 28 . . . . . . . . . . Explosive 22 | . 4 8 4 6 . . . . . . . . Electromagnetic 12 | . . . . . . . . . . . . 12 Robot Hit Streak 11 | . 4 6 2 . . . . . . . . 11 Robot Miss Streak 8 | . 2 8 . . . . . . . . . . Penetration Max . | . . . . . . . . . . . . . Secondary Targets 1 | . . 1 . . . . . . . . . . Max Gunslinging Chain 1 | . . 1 . . . . . . . . . . Shots Hit Robots 96 | . 14 29 5 . 18 . 2 10 2 3 . 13 Core Hits 67 | . 13 19 4 1 10 . 1 1 1 2 . 15 Critical Hits . | . . . . . . . . . . . . . Critical Kills . | . . . . . . . . . . . . . Critical Parts Destroyed . | . . . . . . . . . . . . . Melee Attacks 117 | . . . 3 . 47 6 2 14 8 7 5 25 Impact 1 | . . . 1 . . . . . . . . . Slashing 116 | . . . 2 . 47 6 2 14 8 7 5 25 Piercing . | . . . . . . . . . . . . . Sneak Attacks 16 | . . . 3 . 10 . 1 2 . . . . Combat Hostiles . | . . . . . . . . . . . . . Follow-up Attacks . | . . . . . . . . . . . . . Damage Inflicted 4328 | . 381 388 371 22 1497 . 172 577 103 142 . 675 Guns 333 | . 128 205 . . . . . . . . . . Cannons . | . . . . . . . . . . . . . Explosions 1037 | . 253 159 114 22 . . . . . . . 489 Melee 2921 | . . . 257 . 1497 . 172 577 103 142 . 173 Ramming 37 | . . 24 . . . . . . . . . 13 Kinetic 187 | . 128 59 . . . . . . . . . . Thermal 146 | . . 146 . . . . . . . . . . Explosive 548 | . 253 159 114 22 . . . . . . . . Electromagnetic 489 | . . . . . . . . . . . . 489 Impact 69 | . . . 69 . . . . . . . . . Slashing 2852 | . . . 188 . 1497 . 172 577 103 142 . 173 Piercing . | . . . . . . . . . . . . . Highest Corruption 9 | . . . . 3 . . . 1 . . . 9 Average Corruption 3 | . . . . 2 . . . 1 . . . 4 Corruption Purged . | . . . . . . . . . . . . . Effects 10 | . . . . 5 . . . . . . . 5 Message Errors 7 | . . . . 2 . . . . . . . 5 Heat Flow Errors 2 | . . . . 2 . . . . . . . . Data Loss (minor) 1 | . . . . 1 . . . . . . . . Overload Shots . | . . . . . . . . . . . . . Overflow Damage 682 | . . 14 56 . 329 . 102 127 22 . . 32 Projectiles . | . . . . . . . . . . . . . Explosions 39 | . . 14 12 . . . . . . . . 13 Melee 643 | . . . 44 . 329 . 102 127 22 . . 19 Knockbacks . | . . . . . . . . . . . . . Impact . | . . . . . . . . . . . . . Kinetic . | . . . . . . . . . . . . . Secondary . | . . . . . . . . . . . . . Self-Inflicted Damage 219 | . 18 117 . 69 . . . . . . . 15 Shots 11 | . 1 6 . 2 . . . . . . . 2 Rammed 2 | . . 1 . . . . . . . . . 1 Targets Rammed 2 | . . 1 . . . . . . . . . 1 Kicked . | . . . . . . . . . . . . . Crushed . | . . . . . . . . . . . . . Highest Temperature 251 | . 14 251 . 155 . . . . . . . . Average Temperature 71 | . 8 76 . 75 . . . . . . . . Received Heat Transfer 342 | . 36 144 9 27 36 . . 45 9 . . 36 Effects 2 | . . 2 . . . . . . . . . . Interference 2 | . . 2 . . . . . . . . . . Siege Activations . | . . . . . . . . . . . . . Robots Corrupted . | . . . . . . . . . . . . . Combat Hostiles . | . . . . . . . . . . . . . Parts Fried 4 | . . . 2 . . . . . . . . 2 Impact Corruptions 2 | . . . 2 . . . . . . . . . Robots Melted . | . . . . . . . . . . . . . Combat Hostiles . | . . . . . . . . . . . . . Parts Melted 1 | . . 1 . . . . . . . . . . Heat Transferred 287 | . . 287 . . . . . . . . . . Parts Sabotaged . | . . . . . . . . . . . . . Parts Stolen . | . . . . . . . . . . . . . Parts Stripped . | . . . . . . . . . . . . . Power Chain Reactions 3 | . . 1 . . . . . . . . . 2 Missiles Intercepted . | . . . . . . . . . . . . . Alert | -11 -10 -9 -8 -7 -6 -5 -4 -4 -3 -2 -2 -1 ------- Run | Scr Mat Mat Mat Fac Fac Fac Fac Ext Res Res Tes Acc Peak Influence 499 | . 112 198 150 157 117 53 12 117 70 157 129 499 Average Influence 74 | . 24 53 78 62 46 45 10 41 22 93 113 295 Maximum Alert Level 2 | . . . . . . . . . . . . 2 Low Security (%) 90 | 100 100 100 100 100 100 100 100 100 100 100 100 10 Level 1 6 | . . . . . . . . . . . . 66 Level 2 2 | . . . . . . . . . . . . 23 Level 3 . | . . . . . . . . . . . . . Level 4 . | . . . . . . . . . . . . . Level 5 . | . . . . . . . . . . . . . High Security . | . . . . . . . . . . . . . Max Security . | . . . . . . . . . . . . . Squads Dispatched 22 | . 1 2 1 2 6 1 1 2 . . . 6 Investigation 6 | . 1 1 . . . 1 1 . . . . 2 Extermination 5 | . . . . 1 2 . . . . . . 2 Reinforcement 10 | . . 1 1 1 3 . . 2 . . . 2 Assault 1 | . . . . . 1 . . . . . . . Garrison . | . . . . . . . . . . . . . Intercept . | . . . . . . . . . . . . . Construction Impeded 1 | . . . . 1 . . . . . . . . Haulers Reinforced . | . . . . . . . . . . . . . Stealth | -11 -10 -9 -8 -7 -6 -5 -4 -4 -3 -2 -2 -1 --------- Run | Scr Mat Mat Mat Fac Fac Fac Fac Ext Res Res Tes Acc Distress Signals 17 | . . 3 1 . 3 . . 5 . . . 5 Communications Jammed . | . . . . . . . . . . . . . Distress Signals . | . . . . . . . . . . . . . Times Spotted 148 | . 10 35 5 9 17 1 . 11 3 10 3 44 Peak Tracking Total 21 | . 4 9 3 6 5 1 . 4 2 7 3 21 Tactical Retreats 32 | . . 8 2 4 6 . . . . 1 2 9 Traps | -11 -10 -9 -8 -7 -6 -5 -4 -4 -3 -2 -2 -1 ------- Run | Scr Mat Mat Mat Fac Fac Fac Fac Ext Res Res Tes Acc Traps Triggered 16 | . 1 1 . 3 5 1 . 1 1 . . 3 Indirectly . | . . . . . . . . . . . . . Trap Hack Attempts . | . . . . . . . . . . . . . Triggered . | . . . . . . . . . . . . . Disarmed . | . . . . . . . . . . . . . Reprogrammed . | . . . . . . . . . . . . . Reused . | . . . . . . . . . . . . . Traps Extracted . | . . . . . . . . . . . . . Installed . | . . . . . . . . . . . . . Triggered . | . . . . . . . . . . . . . Machines | -11 -10 -9 -8 -7 -6 -5 -4 -4 -3 -2 -2 -1 ---------- Run | Scr Mat Mat Mat Fac Fac Fac Fac Ext Res Res Tes Acc Machines Disabled 8 | . . 2 2 1 . . . . . . 1 2 Max in Single Turn 2 | . . 1 2 1 . . . . . . 1 1 Garrison Access 2 | . . . . . 2 . . . . . . . Machines Sabotaged . | . . . . . . . . . . . . . Garrisons Compromised . | . . . . . . . . . . . . . Overloaded Fab Kills . | . . . . . . . . . . . . . Fab Network Shutdowns . | . . . . . . . . . . . . . Hacking | -11 -10 -9 -8 -7 -6 -5 -4 -4 -3 -2 -2 -1 --------- Run | Scr Mat Mat Mat Fac Fac Fac Fac Ext Res Res Tes Acc Machines Accessed 58 | . 4 9 4 3 15 5 2 4 3 . 2 7 Terminals 37 | . 3 7 3 . 6 2 2 4 2 . 2 6 Fabricators 3 | . . . . . 2 1 . . . . . . Repair Stations 7 | . . . 1 1 3 1 . . . . . 1 Recycling Units 4 | . 1 1 . . 1 . . . 1 . . . Scanalyzers 4 | . . 1 . 1 2 . . . . . . . Garrison Access 3 | . . . . 1 1 1 . . . . . . Total Hacks 137 | . 7 26 13 10 34 13 4 7 7 . 4 12 Successful 57 | . 3 13 9 7 16 4 . 2 2 . . 1 Failed 80 | . 4 13 4 3 18 9 4 5 5 . 4 11 Catastrophic 24 | . 2 4 . 2 4 2 2 2 1 . 1 4 Database Lockouts . | . . . . . . . . . . . . . Manual 42 | . 5 13 6 . 7 2 2 . 2 . 4 1 Terminals 79 | . 6 18 7 . 10 6 4 7 6 . 4 11 Fabricators 5 | . . . . . 3 2 . . . . . . Repair Stations 31 | . . . 6 5 15 4 . . . . . 1 Recycling Units 5 | . 1 2 . . 1 . . . 1 . . . Scanalyzers 14 | . . 6 . 4 4 . . . . . . . Garrison Access 3 | . . . . 1 1 1 . . . . . . Terminal Hacks 17 | . 2 6 5 . . . . 2 1 . . 1 Prototype ID Bank 5 | . 1 3 1 . . . . . . . . . Open Door 2 | . . . . . . . . 2 . . . . Level Access Points 2 | . . . . . . . . . 1 . . 1 Unreport Threat 5 | . 1 2 2 . . . . . . . . . Registered Components 3 | . . 1 2 . . . . . . . . . Fabricator Hacks 1 | . . . . . 1 . . . . . . . Load Schematic 1 | . . . . . 1 . . . . . . . Repair Station Hacks 21 | . . . 4 3 10 4 . . . . . . Scan Component 12 | . . . 3 2 5 2 . . . . . . Repair 9 | . . . 1 1 5 2 . . . . . . Recycling Unit Hacks 4 | . 1 1 . . 1 . . . 1 . . . Report Inventory 2 | . 1 1 . . . . . . . . . . Retrieve Components 2 | . . . . . 1 . . . 1 . . . Scanalyzer 13 | . . 6 . 4 3 . . . . . . . Insert Component 7 | . . 3 . 2 2 . . . . . . . Analyze 6 | . . 3 . 2 1 . . . . . . . Garrison Access Hacks 1 | . . . . . 1 . . . . . . . Seal Access 1 | . . . . . 1 . . . . . . . Unauthorized Hacks . | . . . . . . . . . . . . . Terminals . | . . . . . . . . . . . . . Fabricators . | . . . . . . . . . . . . . Repair Stations . | . . . . . . . . . . . . . Recycling Units . | . . . . . . . . . . . . . Scanalyzers . | . . . . . . . . . . . . . Garrison Access . | . . . . . . . . . . . . . Data Cores Recovered 1 | . . 1 . . . . . . . . . . Used . | . . . . . . . . . . . . . Hacking Detections 51 | . 3 9 4 3 12 5 2 3 2 . 2 6 Full Trace Events 4 | . . . . . . 1 1 . . . . 2 Feedback Events . | . . . . . . . . . . . . . Feedback Blocked . | . . . . . . . . . . . . . Robot Schematics Acquired . | . . . . . . . . . . . . . Robots Built . | . . . . . . . . . . . . . Matter . | . . . . . . . . . . . . . Time . | . . . . . . . . . . . . . Total Robot Build Rating . | . . . . . . . . . . . . . Part Schematics Acquired 6 | . . 3 . 2 1 . . . . . . . Parts Built . | . . . . . . . . . . . . . Matter . | . . . . . . . . . . . . . Time . | . . . . . . . . . . . . . Total Part Build Rating . | . . . . . . . . . . . . . Parts Repaired 9 | . . . 1 1 5 2 . . . . . . Time 326 | . . . 32 19 193 82 . . . . . . Parts Recycled . | . . . . . . . . . . . . . Recycled Matter . | . . . . . . . . . . . . . Retrieved Matter . | . . . . . . . . . . . . . Retrieved Components 1 | . . . . . 1 . . . . . . . Parts Scanalyzed 7 | . . 3 . 2 2 . . . . . . . Part Schematics Acquired 6 | . . 3 . 2 1 . . . . . . . Parts Damaged . | . . . . . . . . . . . . . Bothacking | -11 -10 -9 -8 -7 -6 -5 -4 -4 -3 -2 -2 -1 ------------ Run | Scr Mat Mat Mat Fac Fac Fac Fac Ext Res Res Tes Acc Used RIF Installer . | . . . . . . . . . . . . . Robots Hacked . | . . . . . . . . . . . . . Non-combat . | . . . . . . . . . . . . . Combat . | . . . . . . . . . . . . . Robot Hacks Applied . | . . . . . . . . . . . . . Relay Couplers Released 1 | . . . . . 1 . . . . . . . Machine Destruction 1 | . . . . . 1 . . . . . . . Robots Rewired . | . . . . . . . . . . . . . Allies Hacked . | . . . . . . . . . . . . . Hacks Repelled . | . . . . . . . . . . . . . Allies | -11 -10 -9 -8 -7 -6 -5 -4 -4 -3 -2 -2 -1 -------- Run | Scr Mat Mat Mat Fac Fac Fac Fac Ext Res Res Tes Acc Total Allies 1 | . . . . . . . . 1 . . . . Largest Group 1 | . . . . . . . . 1 . . . . Highest-Rated Group 29 | . . . . . . . . 29 . . . . Highest-Rated Ally 29 | . . . . . . . . 29 . . . . Total Orders 25 | . . . . . 24 . . . . . . 1 GOTO 19 | . . . . . 19 . . . . . . . FOLLOW 2 | . . . . . 2 . . . . . . . EXPLORE 4 | . . . . . 3 . . . . . . 1 Ally Attacks . | . . . . . . . . . . . . . Total Damage . | . . . . . . . . . . . . . Kills . | . . . . . . . . . . . . . Allies Corrupted 1 | . . . . . . . . . . . . 1 Allies Melted . | . . . . . . . . . . . . . Intel | -11 -10 -9 -8 -7 -6 -5 -4 -4 -3 -2 -2 -1 ------- Run | Scr Mat Mat Mat Fac Fac Fac Fac Ext Res Res Tes Acc Robot Analysis Total . | . . . . . . . . . . . . . Derelict Logs Recovered . | . . . . . . . . . . . . . Drone Launches 12 | . . . . . 6 . . . . . . 6 Drone Recoveries . | . . . . . . . . . . . . . Exploration | -11 -10 -9 -8 -7 -6 -5 -4 -4 -3 -2 -2 -1 ------------- Run | Scr Mat Mat Mat Fac Fac Fac Fac Ext Res Res Tes Acc Turns Passed 5561 | 59 444 586 344 517 1765 431 55 434 157 122 64 583 Spaces Moved 9457 | 41 398 888 487 1017 2860 926 155 873 377 275 115 1045 Core 353 | 2 . 54 . . . . . . . . . 297 Treads . | . . . . . . . . . . . . . Legs 178 | 39 139 . . . . . . . . . . . Wheels . | . . . . . . . . . . . . . Hover 555 | . 259 285 . . . . . . . . . 11 Flight 8371 | . . 549 487 1017 2860 926 155 873 377 275 115 737 Fastest Speed 29 | 50 56 29 29 29 29 30 32 32 30 37 37 34 Average Speed 35 | 117 86 39 31 29 29 31 32 33 32 37 37 41 Slowest Speed 180 | 120 180 116 99 102 30 32 32 117 37 37 37 120 Overloaded Moves . | . . . . . . . . . . . . . Propulsion Burnouts . | . . . . . . . . . . . . . Robots Hopped 34 | . . 8 2 7 11 1 . 2 . . . 3 Cave-ins Triggered . | . . . . . . . . . . . . . Exploration Rate (%) 33 | 3 71 66 44 28 64 19 6 60 15 8 19 36 Regions Visited 12 Branch Regions 2 Pre-discovered Areas . | . . . . . . . . . . . . . Known Exits Taken 8 | . . . . 1 1 1 1 1 1 1 1 . Unknown Exits Taken 4 | 1 1 1 1 . . . . . . . . . Scrap Searched . | . . . . . . . . . . . . . Spaces Dug 70 | . . . . 11 26 6 . . 6 2 4 15 Terrain Destroyed 255 | . 30 68 29 56 26 6 . . 6 2 4 28 Melee 59 | . . . . . 26 6 . . 6 2 4 15 Projectile . | . . . . . . . . . . . . . AOE 196 | . 30 68 29 56 . . . . . . . 13 Actions | -11 -10 -9 -8 -7 -6 -5 -4 -4 -3 -2 -2 -1 --------- Run | Scr Mat Mat Mat Fac Fac Fac Fac Ext Res Res Tes Acc Total 11305 | 48 472 1060 671 1228 3705 1054 156 987 398 284 127 1115 Wait 1387 | . 38 99 148 171 736 105 . 76 . . 7 7 Move 9380 | 40 397 871 482 1004 2838 923 154 868 376 274 114 1039 Hop 31 | . . 8 2 5 10 1 . 2 . . . 3 Pick Up 72 | 2 9 16 10 11 10 5 . 3 4 1 . 1 Fast Attach 58 | 6 3 10 3 6 9 3 . 6 5 1 1 5 Attach 51 | . 1 14 3 3 13 3 . 7 2 . . 5 Detach 27 | . 1 2 3 1 10 2 . 4 1 . . 3 Swap 17 | . 1 1 2 1 4 1 . 3 . . . 4 Drop 63 | . 6 6 11 14 7 5 . 4 2 1 . 7 Fire 70 | . 16 32 4 6 . . . . . . . 12 Melee 117 | . . . 3 . 47 6 2 14 8 7 5 25 Ram 2 | . . 1 . . . . . . . . . 1 Kick . | . . . . . . . . . . . . . Crush . | . . . . . . . . . . . . . Escape Stasis 24 | . . . . 6 18 . . . . . . . Rewire . | . . . . . . . . . . . . . Trap . | . . . . . . . . . . . . . Miscellaneous 6 | . . . . . 3 . . . . . . 3 Route ------- -11/Scrapyard -10/Materials (discovered 3 exits: *Mat x2 / [*Min]) -9/Materials (discovered 3 exits: *Mat / [*Min x2]) -8/Materials (discovered 2 exits: *Fac x2) -7/Factory (discovered 2 exits: *Fac / *Low) -6/Factory (discovered 3 exits: *Fac / *Low x2) -5/Factory -4/Factory -4/Extension (discovered 2 exits: *Res / [*Cet]) -3/Research (discovered 3 exits: *Res x3) -2/Research -2/Testing -1/Access (discovered 1 exit: Sur) History --------- Turn | Location | Event 2 | -11/Scrapyard | Met Revision 17 33 | -11/Scrapyard | Discovered new exit (range 12) 60 | -11/Scrapyard | Entered Materials 228 | -10/Materials | Discovered new exit (range 9) 301 | -10/Materials | Build established: Mutant 335 | -10/Materials | Discovered new exit (range 14) 442 | -10/Materials | Discovered new exit (range 11) 504 | -10/Materials | Entered another Materials area 504 | -9/Materials | Evolved 2 slots: Propulsion x1, Utility x1 633 | -9/Materials | Discovered new exit (range 6) 701 | -9/Materials | Core integrity fell below 50% 731 | -9/Materials | Lost 9 parts (1p5n3w) 773 | -9/Materials | Core integrity fell below 20% 799 | -9/Materials | Lost 7 parts (1p2n1u3w) 931 | -9/Materials | Discovered new exit (range 4) 1044 | -9/Materials | Discovered new exit (range 14) 1090 | -9/Materials | Entered another Materials area 1090 | -8/Materials | Evolved 2 slots: Utility x2 1145 | -8/Materials | Discovered new exit (range 4) 1241 | -8/Materials | Repaired Mni. Grenade Launcher 1383 | -8/Materials | Build established: Scout 1425 | -8/Materials | Discovered new exit (range 12) 1434 | -8/Materials | Entered Factory 1434 | -7/Factory | Evolved 2 slots: Utility x2 1802 | -7/Factory | Discovered new exit (range 5) 1819 | -7/Factory | Identified exit to Lower Caves 1890 | -7/Factory | Discovered new exit (range 10) 1897 | -7/Factory | Identified exit to Factory 1936 | -7/Factory | Repaired Imp. ECM Suite 1951 | -7/Factory | Entered another Factory area 1951 | -6/Factory | Evolved 2 slots: Power x1, Utility x1 2002 | -6/Factory | Repaired Broken Imp. Sensor Array 2056 | -6/Factory | Repaired Imp. Flight Unit 2422 | -6/Factory | Found Prototype Device 2423 | -6/Factory | Found Prototype Device 2520 | -6/Factory | Repaired Imp. Terrain Scanner 2868 | -6/Factory | Discovered new exit (range 6) 2981 | -6/Factory | Identified exit to Lower Caves 3116 | -6/Factory | Identified Exp. Terrain Scanner (x2) 3170 | -6/Factory | Discovered exit to Lower Caves (range 18) 3585 | -6/Factory | Repaired Lrn. Sensor Array 3624 | -6/Factory | Repaired Adv. Weight Redist. System 3712 | -6/Factory | Discovered new exit (range 8) 3716 | -6/Factory | Identified exit to Factory 3716 | -6/Factory | Entered another Factory area 3716 | -5/Factory | Evolved 2 slots: Utility x2 3907 | -5/Factory | Build established: Ninja 3969 | -5/Factory | Discovered new exit (range 13) 3989 | -5/Factory | Identified exit to Factory 4027 | -5/Factory | Repaired Imp. Terrain Scanner 4079 | -5/Factory | Repaired Adv. ECM Suite 4147 | -5/Factory | Entered another Factory area 4147 | -4/Factory | Evolved 2 slots: Utility x2 4193 | -4/Factory | Discovered new exit (range 14) 4197 | -4/Factory | Identified exit to Extension 4202 | -4/Factory | Entered Extension 4245 | -4/Extension | Warlord forces began an assault 4298 | -4/Extension | P-70 Sage assimilated allied O2-M1C(d) 4349 | -4/Extension | Spotted B-86 Titan 4409 | -4/Extension | Lost 6 parts (1p3n2u) 4472 | -4/Extension | Lost 3 parts (2n1u) 4485 | -4/Extension | Discovered new exit (range 3) 4486 | -4/Extension | Identified exit to Research 4512 | -4/Extension | Disrupted transfer network 4512 | -4/Extension | Discovered new exit (range 18) 4583 | -4/Extension | Rescued a captive Derelict 4636 | -4/Extension | Entered Research 4636 | -3/Research | Evolved 2 slots: Utility x2 4775 | -3/Research | Discovered new exit (range 18) 4775 | -3/Research | Identified exit to Research 4793 | -3/Research | Entered another Research area 4793 | -2/Research | Evolved 2 slots: Utility x2 4914 | -2/Research | Discovered new exit (range 4) 4915 | -2/Research | Identified exit to Testing 4915 | -2/Research | Entered Testing 4977 | -2/Testing | Discovered new exit (range 5) 4978 | -2/Testing | Identified exit to Access 4979 | -2/Testing | Entered Access 4979 | -1/Access | Evolved 2 slots: Utility x2 5014 | -1/Access | Build established: Hacker-Ninja 5031 | -1/Access | Spotted B-99 Colossus 5259 | -1/Access | Lost 5 parts (2n3u) 5334 | -1/Access | Identified exit to Surface 5386 | -1/Access | Lost 4 parts (2p1n1u) 5405 | -1/Access | Core integrity fell below 50% 5430 | -1/Access | Core integrity fell below 20% 5435 | -1/Access | Lost 5 parts (2n2u1w) 5490 | -1/Access | Spotted B-99 Colossus 5562 | -1/Access | Destroyed by P-80 Master with Gamma Rifle Last Messages --------------- 05474_ Triggered Gamma Bomb Trap. 05474_ A bubble of electromagnetic force engulfs the area. 05474_ A-15 Conveyor destroyed. 05479_ ALERT: Rogue bot located, Programmers report to Access Zone 9R. 05480_ P-80 Master resets A-15 Conveyor, system corruption cleaned. 05480_ K-01 Serf collects debris. 05482_ U-05 Engineer lays Concrete. 05493_ :|DE<,:=Q4FJ73Y WVLL NR#/,E< 05509_ Slammed into U-05 Engineer. 05509_ U-05 Engineer destroyed. 05510_ Acquired 30 matter. 05512_ 2X9IWI,&D RXXPH,F>NUE=:SNB6RJM RT5GICT 05516_ Connecting with Terminal... 05516_ ALERT: Suspicious activity at Terminal A001. Dispatching Investigation squad. 05537_ Connecting with Terminal... 05544_ P-80 Master resets P-80 Master, system corruption cleaned. 05552_ VF9NTF#7Z8EOJYDX8TJ&87L6:UGJJ YPXYO8Y 05552_ Connecting with Terminal... 05561_ Terminal disabled. Map ----- +----------------------------------------------------+ | ####### #?????????????????????????????????????? | | #?????????????????????????????????????? | | #?????????????????????????????????????? | | ####### #?????????????????????????????????????? | | ??????## ##?????????????????????????????????????? | | ???????# #??????????????????????????????????????? | | ???????# #??????????????????????????????????????? | | ???????+ ##############?????????????????????????? | | ???????# # """T""" #?????????????????????????? | | ???????# # """ """ #?????????????????????????? | | ???????# # * ######????????????????????? | | ???????# # # #????????????????????? | | ???????# # """"" #/ #????????????????????? | | ???????# # ! """"" # ?????????????????????? | | ???????# + """"" # ?????????????????????? | | ???????# # """"" ## #?????????????????????? | | ???????# # """""? ## #?????????????????????? | | ???????# # """"????# #?????????????????????? | | ???????# # ????# #?????????????????????? | | ???????# # ???# #?????????????????????? | | ???????# ############??# #?????????????????????? | | ???????# #????????????## ##????????????????????? | | ???????# ############## p ##### #####?????????? | | ???????# ""p p ?????? | | ???????# T ?????? | | ???????################# @ #############????????? | | ???????????????????????## ##????????????????????? | | ????????????????????????# #?????????????????????? | | ????????????????????????# #?????????????????????? | | ????????????????????????# #?????????????????????? | | ????????????????????????# #?????????????????????? | | ????????????????????????+ #?????????????????????? | | ????????????????????????# +?????????????????????? | | ????????????????????????# #?????????????????????? | | ????????????????????????# #?????????????????????? | | ????????????????????????+ #?????????????????????? | | ????????????????????????####?????????????????????? | | ?????????????????????????????????????????????????? | | ?????????????????????????????????????????????????? | | ?????????????????????????????????????????????????? | | ?????????????????????????????????????????????????? | | ?????????????????????????????????????????????????? | | | | | | | | | | | | | | | | | +----------------------------------------------------+ Best States ------------- Heat Dissipation 52 Energy Generation 31 Energy Capacity 380 Matter Stores 300 Matter Capacity 300 Sight Range 23 Robot Scan Range 20 Terrain Scan Range 16 Terrain Scan Density 110 ECM Strength 3 Power Amplification 20 Additional Mass Support 9 Armor Coverage 150 Evasion (%) 76 Melee Accuracy 8 Offensive Hacking 22 Defensive Hacking 10 Item Schematics ----------------- Sml. Storage Unit | -9/Materials | Scanalyzed Med. Storage Unit | -9/Materials | Scanalyzed Lgt. Ion Engine | -9/Materials | Scanalyzed Imp. Sensor Array | -7/Factory | Scanalyzed Imp. Flight Unit | -7/Factory | Scanalyzed Adv. Weight Redist. System | -6/Factory | Scanalyzed Robot Schematics ------------------ None Fabricated ------------ Nothing Alien Tech Used ----------------- None Achievements -------------- Fist Fight Prolific Hacker Release The Drones! Safety First Challenges ------------ None Game ------ Seed DeepShieldDisintegrator Manual? 0 Play Time 03:53:56 Cumulative 33.0 hours Start 2020.08.15 @ 13:19:45 End 2020.08.15 @ 17:23:33 Sessions 1 Manual Loads 0 Difficulty Rogue Special Mode None Game No. 18 Rogue 18 Adventurer 0 Explorer 0 Win Type - Total 0 Types 0/0/0/0/0/0/0 Lore% 5 Gallery% 26 Achievement% 22 Wizard Run 0 Options --------- ASCII 0 Keyboard 1 Movement Vi Keybinds 0 Fullscreen 1 Font 24/Terminus Map View 76x50 Tactical HUD 1 Map Filters NONE Filters NONE Steam 1 RUN: 4172420c-e5c0-458f-a361-e6ad42a9f206